 Dungeon Crawl Stone Soup version 0.25-a0-930-g9f5dfa9815 (webtiles) character file.

Game seed: 18026371968810412220, levelgen mode: deterministic

6 Hasart the Shield-Bearer (level 1, 0/16 HPs)
             Began as an Octopode Fighter on May 3, 2020.
             Slain by a giant cockroach (1 damage)
             ... on level 2 of the Dungeon.
             The game lasted 00:00:24 (202 turns).

Hasart the Shield-Bearer (Octopode Fighter)          Turns: 202, Time: 00:00:25

Health: 0/16       AC:  1    Str: 15    XL:     1   Next: 90%
Magic:  1/1        EV: 11    Int: 10    God:
Gold:   41         SH:  8    Dex: 11    Spells: 0/0 levels left

rFire    . . .     SeeInvis .   a - +0 long sword
rCold    . . .     Gourm    .   b - +0 kite shield
rNeg     . . .     Faith    .   (helmet restricted)
rPois    .         Spirit   .   (no amulet)
rElec    .         Reflect  .   (no ring)
rCorr    .         Harm     .   (no ring)
MR       .....                  (no ring)
Stlth    ++........             (no ring)
HPRegen  0.05/turn              (no ring)
MPRegen  0.07/turn              (no ring)
                                (no ring)
                                (no ring)

@: no status effects
A: almost no armour, stealthy swim, amphibious, 8 rings, constrict 8, camouflage
1, gelatinous body 1
a: no special abilities


You were on level 2 of the Dungeon.
You were not hungry.

You visited 1 branch of the dungeon, and saw 2 of its levels.

You collected 41 gold pieces.

Inventory:

Hand Weapons
 a - a +0 long sword (weapon)
Armour
 b - a +0 kite shield (worn)
Scrolls
 e - a scroll of enchant weapon {unknown}
Potions
 c - a potion of might
Comestibles
 d - 2 rations


   Skills:
 + Level 3.0 Fighting
 * Level 2.2 Long Blades
 + Level 3.0 Dodging
 + Level 3.0 Shields


You couldn't memorise any spells.
You didn't know any spells.
Your spell library was empty.

Dungeon Overview and Level Annotations

Branches:
Dungeon (1/15)

Altars:


Innate Abilities, Weirdness & Mutations

You cannot wear most types of armour.
You are very stealthy in the water. (Stealth+)
You are amphibious.
You can wear up to eight rings at the same time.
You can use your tentacles to constrict eight enemies at once.
Your skin changes colour to match your surroundings (Stealth+).
Your rubbery body absorbs attacks. (AC +1, EV +1)


Message History

Your shield prevents you from hitting the jackal.
Your squeeze misses the jackal.
The jackal is moderately wounded.
You constrict the jackal. You block the jackal's attack.
The jackal completely misses you.
Unknown command.
You barely miss the jackal. You squeeze the jackal.
You kill the jackal!
A kobold comes into view. It is wielding a +0 short sword.
The jackal bites you.
* * * LOW HITPOINT WARNING * * *
The giant cockroach closely misses you.
You riposte.
You barely miss the giant cockroach. Your grab misses the giant cockroach.
You closely miss the giant cockroach. You grab the giant cockroach.
You constrict the giant cockroach, but do no damage.
The jackal bites you.
* * * LOW HITPOINT WARNING * * *
The giant cockroach bites you but does no damage.
You block the jackal's attack. The giant cockroach bites you.
You die...

##.. #
#>.##(#
....#.# .....
.... #.. #s#
#@# ##h##
##grg## #
##...K.#.###
##...........
#............
+............
#.........###
##........#


You could see a jackal, a giant cockroach, 2 goblins, a kobold and a rat.

Vanquished Creatures
  A goblin (D:1)
  A hobgoblin (D:1)
  A jackal (D:2)
  2 bats (D:2)
  A kobold (D:1)
6 creatures vanquished.

Notes
Turn   | Place    | Note
-------+----------+-------------------------------------------
     0 | D:1      | Hasart the Octopode Fighter began the quest for the Orb.
     0 | D:1      | Reached XP level 1. HP: 16/16 MP: 1/1
   191 | D:1      | You fall into a shaft and drop 1 floor!
   202 | D:2      | Slain by a giant cockroach

Levels and vault maps discovered:
D:1:      lightli_arrival_statuegarden, layout_rooms, minmay_pentomino_q2
D:2:      cheibrodos_pilgrimage, layout_loops_corners,
          nemelex_xobeh_ov_fountains_minmay, old_standard_altar, uniq_terence

Action                   || total
-------------------------++-------
Melee: Long sword        ||    12
       Constrict         ||     7
       Tentacles         ||     4
Armor: Skin              ||     2
Dodge: Dodged            ||    11
Block: Kite shield       ||    11
       Rpst.: Long sword ||     6

Table legend:
 A = Non-vault XP
 B = Vault XP
 C = Vault XP percentage of total XP
 D = Non-vault monster count
 E = Vault monster count
 F = Vault count percentage of total count
                 A         B        C        D         E       F
            +---------+---------+-------+---------+---------+-------
      Total |       9 |       0 |   0.0 |       6 |       0 |   0.0
            +---------+---------+-------+---------+---------+-------
        D:1 |       5 |       0 |   0.0 |       3 |       0 |   0.0
        D:2 |       4 |       0 |   0.0 |       3 |       0 |   0.0
            +---------+---------+-------+---------+---------+-------
